[Event "*** Titled Tuesday Blitz"]
[Site "Chess.com"]
[Date "2019.02.05"]
[Round "3"]
[White "valeriocarnicelli"]
[Black "CaptainCasanova"]
[Result "0-1"]
[WhiteElo "2439"]
[BlackElo "2764"]
[TimeControl "180+2"]
[EndTime "13:32:48 PST"]
[Termination "CaptainCasanova won by resignation"]

1. e4 c5 2. Nf3 Nc6 3. d4 cxd4 4. Nxd4 e5 5. Nb5 d6 6. N1c3 a6 7. Na3 b5 8. Nd5 Nge7 9. c4 Nxd5 10.
exd5 Nd4 11. Bd3 g6 12. O-O Bg7 13. Be3 Nf5 14. cxb5 Nxe3 15. fxe3 O-O 16. bxa6 e4 17. Bxe4 Bxb2 18. Nc2 Bxa1 19. Qxa1 Bxa6 20. Rf4 Rc8 21. Nd4 Qb6 22. Rf2 Qc5 23. Nc6 Rfe8 24. Qf6 Qc1+ 25.
Rf1 Qxf1+ 0-1

[Event "*** Titled Tuesday Blitz"]
[Site "Chess.com"]
[Date "2019.02.05"]
[Round "3"]
[White "Ali_rastbod"]
[Black "The_bird_of_peace"]
[Result "1-0"]
[WhiteElo "2642"]
[BlackElo "2853"]
[TimeControl "180+2"]
[EndTime "13:32:51 PST"]
[Termination "Ali_rastbod won by resignation"]

1. c4 Nf6 2. Nc3 g6 3. g3 Bg7 4. Bg2 O-O 5. Nf3 d6 6. O-O Nc6 7. d4 Bd7 8. b3 e5 9. dxe5 dxe5 10. Bb2 e4 11. Ne1 e3 12. fxe3 Re8 13. Qd2 Ng4 14.
Nd5 Bxb2 15. Qxb2 Nce5 16. h3 c6 17. hxg4 cxd5 18. Bxd5 Bc6 1-0

[Event "*** Titled Tuesday Blitz"]
[Site "Chess.com"]
[Date "2019.02.05"]
[Round "3"]
[White "OparinGrigoriy"]
[Black "goodluck06"]
[Result "1-0"]
[WhiteElo "2915"]
[BlackElo "2459"]
[TimeControl "180+2"]
[EndTime "13:32:53 PST"]
[Termination "OparinGrigoriy won by resignation"]

1. Nf3 d5 2. g3 Nf6 3. Bg2 g6 4. O-O Bg7 5. c4 c6 6. b3 Ne4 7. d4 O-O 8. Bb2 a5 9. Nc3 Bf5 10. e3 Na6 11. Qe2 Nb4 12. Rfd1 Nxc3 13. Bxc3 Be4 14.
Bh3 Bf5 15. Bf1 Qd6 16. a3 Nc2 17. Ra2 Nxa3 18. c5 Qc7 19. Rxa3 b5 20. cxb6 Qxb6 21. Rda1 Qb7 22. Bxa5 c5 23. Bc3 Rxa3 24. Rxa3 cxd4 25. Bxd4 Bg4 26. Bxg7 Kxg7 27. Bg2 Qb4 28. Qb2+ f6 29. Ra4 Qc5 30. Rxg4 1-0

[Event "*** Titled Tuesday Blitz"]
[Site "Chess.com"]
[Date "2019.02.05"]
[Round "3"]
[White "Denis_Makhnyov"]
[Black "jlucasvf"]
[Result "1-0"]
[WhiteElo "2685"]
[BlackElo "2722"]
[TimeControl "180+2"]
[EndTime "13:32:57 PST"]
[Termination "Denis_Makhnyov won by resignation"]

1. d4 Nf6 2. c4 e6 3. g3 d5 4. Bg2 Be7 5. Nf3 O-O 6. O-O dxc4 7. Qc2 a6 8. a4 b5 9. axb5 Bb7 10. Nc3 axb5 11. Rxa8 Bxa8 12. Nxb5 Bd5 13. Bf4 c5 14. dxc5 Bxc5 15. Na3 Bxa3 16. bxa3 Nc6 17. Bg5 Qa5 18. Bxf6 gxf6 19. e4 Qxa3 20. exd5 exd5 21. Qf5 Qd6 22. Rd1 Rd8 23. Nd2 c3 24. Ne4 c2 25. Qg4+ Kh8 26.
Nxd6 cxd1=B 27. Qf4 1-0

[Event "*** Titled Tuesday Blitz"]
[Site "Chess.com"]
[Date "2019.02.05"]
[Round "3"]
[White "in_shambles"]
[Black "NCchamp"]
[Result "0-1"]
[WhiteElo "1997"]
[BlackElo "2177"]
[TimeControl "180+2"]
[EndTime "13:33:00 PST"]
[Termination "NCchamp won by resignation"]

1. d4 g6 2. c4 Bg7 3. Nc3 e6 4. e4 Ne7 5. Be2 O-O 6. Nf3 d5 7. cxd5 exd5 8. e5 c5 9. dxc5 Nd7 10. Nxd5 Nxe5 11. Nxe7+ Qxe7 12. O-O Qxc5 13. Be3 Qb4 14.
Rb1 Bf5 15. Rc1 Qxb2 16. Nxe5 Bxe5 17. a4 Rfd8 18. Qe1 Bd4 19. Bxd4 Rxd4 20. a5 Re8 0-1

[Event "*** Titled Tuesday Blitz"]
[Site "Chess.com"]
[Date "2019.02.05"]
[Round "3"]
[White "Gubajdullin"]
[Black "playerorkinyo"]
[Result "1-0"]
[WhiteElo "2482"]
[BlackElo "2334"]
[TimeControl "180+2"]
[EndTime "13:33:03 PST"]
[Termination "Gubajdullin won by resignation"]

1. d4 Nf6 2. Bf4 g6 3. e3 Bg7 4. Nf3 O-O 5. Be2 d6 6. O-O b6 7. h3 Bb7 8. a4 a5 9. Nc3 Nbd7 10. Nb5 Ne4 11. Bh2 e5 12. c3 Rc8 13. Qc2 Qe7 14. Rfd1 f5 15. dxe5 Nxe5 16. Nxe5 Bxe5 17. Bxe5 Qxe5 18.
Bf3 f4 19. Qe2 Ba8 20. Rd4 Ng5 21. Bxa8 Rxa8 22. Qc4+ Kh8 23. exf4 d5 1-0

[Event "*** Titled Tuesday Blitz"]
[Site "Chess.com"]
[Date "2019.02.05"]
[Round "3"]
[White "Kirill_Klukin"]
[Black "Airquake"]
[Result "1-0"]
[WhiteElo "2635"]
[BlackElo "2546"]
[TimeControl "180+2"]
[EndTime "13:33:05 PST"]
[Termination "Kirill_Klukin won on time"]

1. d4 Nf6 2. Nf3 e6 3. e3 b6 4.
Bd3 Bb7 5. O-O Be7 6. c4 O-O 7. Nc3 d5 8. cxd5 exd5 9. b3 Nbd7 10. Bb2 Ne4 11. Ne2 Ndf6 12. Rc1 Bd6 13. Ne5 Re8 14. Qc2 h6 15. f3 Ng5 16. Ng3 c5 17. Bb5 Rf8 18. Nf5 a6 19. Bd3 cxd4 20. Bxd4 Rc8 21. Qb2 Bc5 22. Ng4 Nxg4 23. Bxc5 Nf6 24. Be7 Rxc1 25. Rxc1 Qd7 26. Bxf6 1-0

[Event "*** Titled Tuesday Blitz"]
[Site "Chess.com"]
[Date "2019.02.05"]
[Round "3"]
[White "x-3738459472"]
[Black "Vulcanochess"]
[Result "1-0"]
[WhiteElo "2507"]
[BlackElo "2394"]
[TimeControl "180+2"]
[EndTime "13:33:08 PST"]
[Termination "x-3738459472 won by resignation"]

1. e4 c5 2. Nc3 Nc6 3. Bb5 Nd4 4.
Bc4 g6 5. Nf3 Bg7 6. O-O d6 7.
d3 Nf6 8. Nxd4 cxd4 9. Ne2 Nd7 10. f4 O-O 11. f5 Ne5 12. Bb3 Nc6 13. fxg6 hxg6 14.
Nf4 e6 15. a4 a5 16. Bd2 Qe7 17. Rf3 Ne5 18. Rg3 Bd7 19. Qe1 b6 20. Rh3 Rfc8 21.
Kh1 Rc5 22. Qg3 Rac8 23. Rc1 Qd8 24. Ne2 b5 25. axb5 Bxb5 26. Nxd4 a4 27. Nxe6 fxe6 28. Bxe6+ Nf7 29. Rf1 Be8 30. Qxg6 R8c7 31. Rg3 1-0

[Event "*** Titled Tuesday Blitz"]
[Site "Chess.com"]
[Date "2019.02.05"]
[Round "3"]
[White "Warre"]
[Black "popov_m"]
[Result "0-1"]
[WhiteElo "2359"]
[BlackElo "2613"]
[TimeControl "180+2"]
[EndTime "13:33:20 PST"]
[Termination "popov_m won by resignation"]

1. d4 Nf6 2. c4 g6 3. Nc3 Bg7 4. e4 d6 5. Nf3 O-O 6. Be2 Na6 7. Bf4 e5 8. dxe5 dxe5 9. Qxd8 Rxd8 10. Bxe5 Re8 11. O-O-O Bg4 12. Bxf6 Bxf6 13. Nd5 Bg7 14. h3 Be6 15. Rhe1 c6 16. Nf4 Nc5 17. Nxe6 Rxe6 18. Bd3 Rd8 19. Bb1 Rxd1+ 20. Rxd1 Nxe4 21. Rd8+ Bf8 22. Bxe4 Rxe4 23. Ng5 Rxc4+ 24. Kd1 h6 25. Nh7 Kxh7 26.
Rxf8 Rd4+ 27. Kc2 Kg7 28. Rb8 Rd7 29. Re8 Kf6 30. Re4 Kf5 31. f3 h5 32. g4+ hxg4 33. hxg4+ Kg5 34. Kc3 Kh4 35. b4 Kg3 36. Re3 Kf2 0-1

[Event "*** Titled Tuesday Blitz"]
[Site "Chess.com"]
[Date "2019.02.05"]
[Round "3"]
[White "Koksik_13"]
[Black "GMMatamoros"]
[Result "1-0"]
[WhiteElo "2670"]
[BlackElo "2506"]
[TimeControl "180+2"]
[EndTime "13:33:36 PST"]
[Termination "Koksik_13 won by resignation"]

1. e4 c5 2. c3 Nf6 3. e5 Nd5 4. d4 cxd4 5. cxd4 d6 6. Nf3 Nc6 7. Bc4 dxe5 8. Bxd5 Qxd5 9. Nc3 Qd6 10. d5 Nd4 11.
Nxd4 exd4 12. Qxd4 e5 13. Qd3 Bd7 14. O-O Qg6 15.
Qe2 Bd6 16. f4 O-O 17. fxe5 Rfe8 18. Bf4 Bxe5 19. Bxe5 f6 20. Rae1 Rxe5 21. Qc4 Bh3 22. d6+ Kh8 23. Re2 Rc8 24. Qxc8+ Bxc8 25. Rxe5 Bh3 26.
Re2 h6 27. Rd1 Bd7 28. Ne4 Bg4 29. d7 Bxd7 30. Rxd7 Qg4 31. Rd8+ Kh7 32. Nxf6+ 1-0

[Event "*** Titled Tuesday Blitz"]
[Site "Chess.com"]
[Date "2019.02.05"]
[Round "3"]
[White "Genghis_K"]
[Black "DenisQ"]
[Result "1-0"]
[WhiteElo "2804"]
[BlackElo "2669"]
[TimeControl "180+2"]
[EndTime "13:33:37 PST"]
[Termination "Genghis_K won by resignation"]

1. d4 d5 2. Bf4 Nf6 3. e3 c5 4. Nf3 Nc6 5. Nbd2 cxd4 6. exd4 Bf5 7. c3 e6 8. Nh4 Be4 9. Nxe4 Nxe4 10. Nf3 Bd6 11.
Bxd6 Qxd6 12. Bd3 O-O 13. O-O Rab8 14. Qe2 Nf6 15. Ne5 Qc7 16. f4 a6 17. Rae1 b5 18.
a3 Nd7 19. g4 Ndxe5 20. fxe5 Qe7 21. Qg2 f6 22. exf6 Rxf6 23. Rxf6 gxf6 24. Bf5 Ne5 25. dxe5 exf5 26. Qxd5+ Kh8 27. gxf5 Rg8+ 28. Kf2 Qa7+ 29.
Re3 1-0

[Event "*** Titled Tuesday Blitz"]
[Site "Chess.com"]
[Date "2019.02.05"]
[Round "3"]
[White "Synctel"]
[Black "SimonKnightRivendell"]
[Result "0-1"]
[WhiteElo "1886"]
[BlackElo "2008"]
[TimeControl "180+2"]
[EndTime "13:33:37 PST"]
[Termination "SimonKnightRivendell won by resignation"]

1. d4 Nf6 2. Nf3 e6 3. e3 b6 4. Bd3 Bb7 5. Nbd2 d5 6. O-O Be7 7. Ne5 Nbd7 8. f4 O-O 9. Qf3 c5 10. c3 Rc8 11. g4 Ne8 12. g5 g6 13. h4 f6 14. Nxg6 hxg6 15. Bxg6 Ng7 16. Qh3 cxd4 17. exd4 e5 18. Nf3 exd4 19. Nxd4 Nc5 20. h5 Qd7 21.
Nf5 fxg5 22. h6 Nxf5 23. fxg5 Nd6 24. Rxf8+ Rxf8 25. Qe3 Qg4+ 0-1

[Event "*** Titled Tuesday Blitz"]
[Site "Chess.com"]
[Date "2019.02.05"]
[Round "3"]
[White "monalize"]
[Black "Jenia84"]
[Result "0-1"]
[WhiteElo "2297"]
[BlackElo "2208"]
[TimeControl "180+2"]
[EndTime "13:33:39 PST"]
[Termination "Jenia84 won by resignation"]

1. e4 c5 2. Nf3 d6 3. d4 cxd4 4. Qxd4 a6 5. Be2 Nc6 6. Qe3 Nf6 7. h3 b5 8. O-O Bb7 9. Rd1 Nd7 10. c4 b4 11. b3 Qb6 12. Qg5 h6 13. Qh4 Nde5 14.
Be3 Qc7 15. Nbd2 g6 16. Nh2 Bg7 17. f4 Nd7 18. Rac1 Nd4 19. Bf1 Nc5 20. Ndf3 Nxf3+ 21. gxf3 Bf6 22. Qf2 g5 23. Ng4 Bg7 24. fxg5 hxg5 25.
Bxg5 Ne6 26. Be3 Rg8 27. Bg2 Bc3 28. Kh1 a5 29. a4 Nc5 30. Rb1 O-O-O 31. e5 f6 32. e6 f5 33. Nh6 Rg6 34. Nxf5 Rdg8 35. Rg1 Nd3 36. Qe2 Ne5 37. Rbe1 Rxg2 38. Rxg2 Rxg2 39.
Qxg2 Bxf3 0-1

[Event "*** Titled Tuesday Blitz"]
[Site "Chess.com"]
[Date "2019.02.05"]
[Round "3"]
[White "alishersuleymenov"]
[Black "maciek_92"]
[Result "0-1"]
[WhiteElo "2473"]
[BlackElo "2750"]
[TimeControl "180+2"]
[EndTime "13:33:41 PST"]
[Termination "maciek_92 won by resignation"]

1. d4 Nf6 2. c4 e6 3. g3 c5 4. Nf3 cxd4 5. Nxd4 d5 6. Bg2 e5 7. Nf3 d4 8. O-O Nc6 9. e3 Be7 10. exd4 exd4 11. b4 Bxb4 12. Nxd4 O-O 13. Nxc6 bxc6 14. Qxd8 Rxd8 15. Bxc6 Bh3 16. Bg2 Bxg2 17. Kxg2 Rac8 18.
Na3 Rd3 19. Nc2 Rxc4 20. Nxb4 Rxb4 21. Be3 Ra4 22. Rfd1 Rxd1 23. Rxd1 h6 24. Rd2 Kh7 25. h3 Kg6 26. g4 a6 27. Kf3 h5 28. Rd6 Kh7 29.
g5 Ne4 30. Rc6 f6 31. gxf6 gxf6 32. h4 Kg6 33. Rc2 Nd6 34. Rc6 Nf5 35. Bg5 Nd4+ 0-1

[Event "*** Titled Tuesday Blitz"]
[Site "Chess.com"]
[Date "2019.02.05"]
[Round "3"]
[White "pedromartinez91"]
[Black "Last7Samurai"]
[Result "0-1"]
[WhiteElo "2493"]
[BlackElo "2706"]
[TimeControl "180+2"]
[EndTime "13:33:43 PST"]
[Termination "Last7Samurai won by resignation"]

1. e4 e5 2. Nf3 Nc6 3. Bb5 a6 4. Ba4 g6 5. d4 exd4 6. c3 Bg7 7.
cxd4 b5 8. Bb3 Nge7 9. O-O d6 10. Nc3 O-O 11. h3 Na5 12. Bc2 c5 13. dxc5 dxc5 14.
Be3 Qc7 15. Nd5 Nxd5 16. Qxd5 Bb7 17. Qxc5 Qxc5 18. Bxc5 Rfc8 19. b4 Bxa1 20. Rxa1 Nc4 21. Re1 Re8 22. Nd4 Rad8 23. f4 f6 24. f5 g5 25. Ne6 Rd2 26. Bb3 Kh8 27. Bxc4 bxc4 28. Bd4 Rxe6 29. Bc3 Red6 30. e5 fxe5 31. Rxe5 Rxg2+ 32. Kf1 Kg8 33. Ke1 Bf3 0-1

[Event "*** Titled Tuesday Blitz"]
[Site "Chess.com"]
[Date "2019.02.05"]
[Round "3"]
[White "moro182"]
[Black "Jbd735"]
[Result "1-0"]
[WhiteElo "2754"]
[BlackElo "2473"]
[TimeControl "180+2"]
[EndTime "13:33:48 PST"]
[Termination "moro182 won on time"]

1. d4 d5 2. Bf4 c5 3. e3 Nc6 4. Nf3 e6 5. Nbd2 Nf6 6. c3 Bd6 7. Bg3 O-O 8. Bb5 Bxg3 9. hxg3 Qb6 10. Bxc6 bxc6 11. Qc2 Ba6 12. g4 g6 13. g5 Nd7 14.
e4 Rfc8 15. Ne5 Nf8 16. dxc5 Qxc5 17. Ndf3 Rab8 18. O-O-O dxe4 19. Qxe4 Qxf2 20. Rd2 Qc5 21. Ng4 Rd8 22. Nf6+ Kg7 23. Qh4 h5 24. gxh6+ Kh8 25. Ne4 Qf5 26. Rxd8 Rxd8 27. Qxd8 Qf4+ 28. Nfd2 1-0

[Event "*** Titled Tuesday Blitz"]
[Site "Chess.com"]
[Date "2019.02.05"]
[Round "3"]
[White "PowerThinking2650"]
[Black "saraswathii"]
[Result "1-0"]
[WhiteElo "2255"]
[BlackElo "2241"]
[TimeControl "180+2"]
[EndTime "13:33:49 PST"]
[Termination "PowerThinking2650 won by resignation"]

1. e4 c5 2. Nf3 e6 3. d4 cxd4 4.
Nxd4 Nf6 5. Nc3 Nc6 6. Ndb5 Bb4 7. a3 Bxc3+ 8. Nxc3 d5 9. exd5 exd5 10. Bd3 d4 11.
Ne2 O-O 12. O-O Qd5 13. h3 Re8 14. Nf4 Qd6 15. Qf3 Ne5 16. Qg3 Nxd3 17. Nxd3 Qxg3 18. fxg3 Bd7 19. Bf4 Rac8 20. Rac1 Bb5 21. Rfe1 Nd5 22. Bd2 f6 23. Nf4 Ne3 24. c3 Nc4 25. Rxe8+ Rxe8 26. Be1 g5 27. Nd5 Rf8 28. cxd4 Nxb2 29. Rb1 Bc4 30. Ne3 Re8 31. Bf2 1-0

[Event "*** Titled Tuesday Blitz"]
[Site "Chess.com"]
[Date "2019.02.05"]
[Round "3"]
[White "nocnypako"]
[Black "talento10"]
[Result "1-0"]
[WhiteElo "2350"]
[BlackElo "2438"]
[TimeControl "180+2"]
[EndTime "13:33:50 PST"]
[Termination "nocnypako won by resignation"]

1. d4 Nf6 2. c4 g6 3. Nc3 Bg7 4. e4 d6 5. Nf3 O-O 6. Be2 e5 7. Be3 Nc6 8. d5 Ne7 9. Nd2 Nd7 10. f3 f5 11. O-O f4 12. Bf2 g5 13. b4 Rf7 14. c5 Ng6 15. Nc4 Nf6 16. Rc1 g4 17.
fxg4 Bf8 18. cxd6 cxd6 19. g5 Ne8 20. h4 b6 21. Bg4 Bxg4 22. Qxg4 Rc8 23. Nb5 Ng7 24.
Ncxd6 Rxc1 25. Rxc1 Bxd6 26. Rc8 Be7 27. d6 1-0

[Event "*** Titled Tuesday Blitz"]
[Site "Chess.com"]
[Date "2019.02.05"]
[Round "3"]
[White "Shivagami"]
[Black "IngOscarArdila"]
[Result "1-0"]
[WhiteElo "2142"]
[BlackElo "2022"]
[TimeControl "180+2"]
[EndTime "13:33:56 PST"]
[Termination "Shivagami won by resignation"]

1. d4 Nf6 2. Bf4 g6 3. e3 Bg7 4.
Nf3 O-O 5. Be2 d6 6. O-O Nbd7 7.
h3 Nh5 8. Bh2 Nf4 9. Bxf4 Nf6 10.
c4 Ne4 11. Nc3 f5 12. Nxe4 fxe4 13. Nd2 Bf5 14. g4 e5 15. dxe5 dxe5 16. Bg3 Bd7 17.
Nxe4 Qe7 18. Qd5+ Kh8 19. Qxb7 Rab8 20. Qxc7 Rxb2 21. Rfe1 Rc8 22. Qd6 Qe8 23. Nf6 Qe6 24.
Qxd7 Qxd7 25. Nxd7 e4 26. Be5 h5 27. Bxb2 1-0

[Event "*** Titled Tuesday Blitz"]
[Site "Chess.com"]
[Date "2019.02.05"]
[Round "3"]
[White "jamengrand"]
[Black "akhairat"]
[Result "1-0"]
[WhiteElo "2300"]
[BlackElo "2229"]
[TimeControl "180+2"]
[EndTime "13:33:57 PST"]
[Termination "jamengrand won by checkmate"]

1. e4 c5 2. Nf3 a6 3. c3 Nf6 4. e5 Nd5 5. d4 cxd4 6. cxd4 d6 7.
Bc4 Nb6 8. Bb3 d5 9. h3 Nc6 10. O-O Bf5 11. Nc3 e6 12. Be3 Be7 13. Ne1 h5 14.
Nd3 Rc8 15. Rc1 h4 16. Nc5 Bxc5 17. dxc5 Nd7 18. Ne2 Ndxe5 19. Nd4 Bg6 20. Ba4 Kf8 21. f4 Nc4 22. f5 Nxe3 23. fxg6 Nxd1 24. Nxe6+ Ke7 25.
Nxd8 Nxd8 26. Rcxd1 Rxc5 27. Rde1+ Ne6 28. Rxf7+ Kd6 29.
Rd7# 1-0

[Event "*** Titled Tuesday Blitz"]
[Site "Chess.com"]
[Date "2019.02.05"]
[Round "3"]
[White "TST2014"]
[Black "StanislavNovikov"]
[Result "1-0"]
[WhiteElo "2524"]
[BlackElo "2668"]
[TimeControl "180+2"]
[EndTime "13:34:01 PST"]
[Termination "TST2014 won by resignation"]

1. d4 g6 2. e4 Bg7 3. c4 d6 4.
Nc3 Nc6 5. Be3 e5 6. Nge2 Bd7 7.
Qd2 exd4 8. Nxd4 Nf6 9. f3 Kf8 10. O-O-O a6 11. g4 h5 12. g5 Nh7 13. h4 Ne5 14. f4 Ng4 15. Bg1 Kg8 16. f5 Be5 17. Be2 Nf8 18. Nd5 c6 19. Nf4 b5 20.
Nd3 bxc4 21. Nxe5 Nxe5 22. Nf3 gxf5 23. Qxd6 Nxf3 24. Bxf3 Qa5 25. Bd4 Rh7 26. Rhg1 Ng6 27. Qxd7 1-0

[Event "*** Titled Tuesday Blitz"]
[Site "Chess.com"]
[Date "2019.02.05"]
[Round "3"]
[White "mishanick"]
[Black "Sosat98"]
[Result "1-0"]
[WhiteElo "3020"]
[BlackElo "2584"]
[TimeControl "180+2"]
[EndTime "13:34:03 PST"]
[Termination "mishanick won by resignation"]

1. d4 d6 2. Nf3 Bg4 3. c4 Bxf3 4. exf3 e6 5. f4 c6 6. Nc3 d5 7. Be2 Nd7 8. O-O Bd6 9. f5 Qh4 10. g3 Qf6 11. fxe6 fxe6 12. cxd5 cxd5 13. Nb5 Bb8 14. Bg4 Ne7 15. Re1 Nf8 16. h4 h6 17.
Re3 Kf7 18. Rf3 Nf5 19. Qd3 g6 20. h5 Nh7 21. Nc3 Rd8 22. Bxh6 Ng5 23. hxg6+ Kxg6 24. Bxg5 Qxg5 25. Bxf5+ exf5 26. Re1 Kf6 27. Qe2 Kg6 28. Qc2 Qg4 29. Re6+ Kf7 30. Qe2 Bd6 31. Nxd5 Re8 32. Rxe8 Rxe8 33. Qxe8+ 1-0

[Event "*** Titled Tuesday Blitz"]
[Site "Chess.com"]
[Date "2019.02.05"]
[Round "3"]
[White "evgenysharapov"]
[Black "cyber-alekhine2"]
[Result "1-0"]
[WhiteElo "2320"]
[BlackElo "2215"]
[TimeControl "180+2"]
[EndTime "13:34:04 PST"]
[Termination "evgenysharapov won by resignation"]

1. e4 c5 2. Nf3 d6 3. d4 cxd4 4. Nxd4 Nf6 5. f3 g6 6. c4 Bg7 7. Be3 O-O 8. Nc3 Nc6 9. Be2 Bd7 10. O-O Nxd4 11. Bxd4 Bc6 12. Qd2 a5 13. Be3 Nd7 14. Rab1 Nc5 15. Rfc1 Qb6 16. Rc2 Kh8 17. Kh1 f5 18.
exf5 Rxf5 19. Bd4 Bxd4 20. Qxd4+ e5 21. Qd2 Ne6 22. Bd3 Rxf3 23. Nd5 Bxd5 24. cxd5 Rxd3 25. Qxd3 Nc5 26. Qf3 e4 27. Qf6+ Kg8 28. Rf1 e3 29. Qe7 Qb4 30. Qxe3 1-0

[Event "*** Titled Tuesday Blitz"]
[Site "Chess.com"]
[Date "2019.02.05"]
[Round "3"]
[White "Grischuk"]
[Black "Alexander_Donchenko"]
[Result "1-0"]
[WhiteElo "3040"]
[BlackElo "2671"]
[TimeControl "180+2"]
[EndTime "13:34:06 PST"]
[Termination "Grischuk won by resignation"]

1. Nf3 Nf6 2. g3 b6 3. Bg2 Bb7 4. O-O g6 5. d3 Bg7 6. e4 O-O 7. Re1 c5 8. Nbd2 d6 9. c3 Nc6 10. a3 Qd7 11. d4 d5 12. exd5 Nxd5 13. dxc5 Rfd8 14. cxb6 axb6 15. Qb3 Na5 16. Qc2 Rac8 17. Ne5 Qd6 18. Ndf3 f6 19. Nxg6 hxg6 20. Qxg6 f5 21. Re6 Nxc3 22. Bh6 Ne2+ 23. Kf1 Nxg3+ 24. hxg3 1-0

[Event "*** Titled Tuesday Blitz"]
[Site "Chess.com"]
[Date "2019.02.05"]
[Round "3"]
[White "eljanov"]
[Black "joppie2"]
[Result "1/2-1/2"]
[WhiteElo "2814"]
[BlackElo "2748"]
[TimeControl "180+2"]
[EndTime "13:34:08 PST"]
[Termination "Game drawn by agreement"]

1. d4 Nf6 2. Nf3 d5 3. Bf4 c5 4. e3 e6 5. c3 Bd6 6. Nbd2 O-O 7. Bd3 b6 8. Qe2 Bb7 9. Bxd6 Qxd6 10. Ne5 Nbd7 11.
f4 Ne4 12. O-O f6 13. Nxd7 Qxd7 14. Rad1 Qe7 15. Qf3 Nxd2 16. Rxd2 e5 17. Qh3 e4 18. Be2 c4 19. Bg4 Bc8 20. Bxc8 Raxc8 21. g4 b5 22. a3 a5 23. Qh5 Qf7 24. f5 Qxh5 25. gxh5 h6 26. Kf2 Rf7 27. Ra1 Rb7 28. Ra2 Rcb8 29. Ke2 Kf7 30. Rd1 Ke7 31. Rg1 Kd6 32. Kd2 Rc7 33. Kc2 Rb6 34. Rg2 Rb8 35. Rg1 a4 1/2-1/2

[Event "*** Titled Tuesday Blitz"]
[Site "Chess.com"]
[Date "2019.02.05"]
[Round "3"]
[White "aa175"]
[Black "SergioGarciaFuentes"]
[Result "0-1"]
[WhiteElo "1932"]
[BlackElo "1982"]
[TimeControl "180+2"]
[EndTime "13:34:08 PST"]
[Termination "SergioGarciaFuentes won by resignation"]

1. a3 d5 2. Nf3 Bf5 3. g3 e6 4.
Bg2 Nf6 5. O-O Be7 6. d4 h6 7. Bf4 Nbd7 8. Nbd2 c6 9. c4 g5 10.
Be5 Nxe5 11. Nxe5 O-O 12. Qb3 Qb6 13. c5 Qc7 14. a4 Kg7 15. a5 Rab8 16. Rfc1 Rfd8 17.
a6 bxa6 18. Qa3 Rb5 19. Qxa6 Bxc5 20. Rxc5 Rxc5 21. dxc5 Qxe5 22. Qxc6 Qxb2 23. Rxa7 Qxd2 24. Qb6 Qc1+ 25. Bf1 Bh3 26. Rxf7+ Kxf7 27. Qb7+ Rd7 28. Qxd7+ 0-1

[Event "*** Titled Tuesday Blitz"]
[Site "Chess.com"]
[Date "2019.02.05"]
[Round "3"]
[White "Vrolijk"]
[Black "riconaipe"]
[Result "1-0"]
[WhiteElo "2772"]
[BlackElo "2452"]
[TimeControl "180+2"]
[EndTime "13:34:10 PST"]
[Termination "Vrolijk won by resignation"]

1. c4 e6 2. Nc3 d5 3. d4 a6 4. cxd5 exd5 5. Nf3 c6 6. Bg5 Be7 7. h4 h6 8. Bxe7 Nxe7 9. e3 Bf5 10. Bd3 Nd7 11. Bxf5 Nxf5 12. g4 Nd6 13. Qc2 Qe7 14.
O-O-O O-O-O 15. Nxd5 Qe4 16. Qxe4 Nxe4 17. Ne7+ Kc7 18.
Rdf1 g6 19. h5 Kd6 20. Nxg6 fxg6 21. hxg6 Rdg8 22. Nh4 Nf8 23. f3 Ng3 24. Nf5+ Nxf5 25. gxf5 Nxg6 26. fxg6 Rxg6 27. Rh2 Rf8 28. Kd2 c5 29.
Kd3 cxd4 30. Kxd4 Ke6 31. e4 Kf7 32. Ke3 Kg7 33. Rc1 Rf7 34. Rhh1 Kh7 35. Rhg1 h5 36. Rxg6 Kxg6 37. Rg1+ Kh6 38. e5 h4 39. Ke4 Kh5 40.
f4 h3 41. e6 Rf8 42. f5 Kh4 43. e7 Rh8 44. f6 h2 45. Rh1 Kg5 46. f7 Rh4+ 47.
Ke5 1-0

[Event "*** Titled Tuesday Blitz"]
[Site "Chess.com"]
[Date "2019.02.05"]
[Round "3"]
[White "vovachesss"]
[Black "Satscho"]
[Result "1-0"]
[WhiteElo "2580"]
[BlackElo "2315"]
[TimeControl "180+2"]
[EndTime "13:34:10 PST"]
[Termination "vovachesss won by resignation"]

1. e4 c5 2. d4 cxd4 3. c3 Nf6 4. e5 Nd5 5. Nf3 e6 6. Bc4 Nb6 7. Bb3 Nc6 8. O-O d6 9. exd6 Bxd6 10. Nxd4 Nxd4 11.
Qxd4 Qc7 12. Qh4 Be7 13. Qh5 Qc5 14. Qg4 O-O 15. Be3 Qc7 16. Nd2 e5 17. Qg3 Bf5 18.
Rfe1 Rfe8 19. Bxb6 Qxb6 20. Qxe5 Bg6 21. Nc4 Qc6 22.
Rad1 a5 23. Nxa5 Qa6 24. Nc4 h6 25. Qg3 b5 26. Ne5 Bd6 27. Qxg6 Bxe5 28. Bxf7+ Kh8 29. Qxa6 1-0

[Event "*** Titled Tuesday Blitz"]
[Site "Chess.com"]
[Date "2019.02.05"]
[Round "3"]
[White "JoachimMouhamad"]
[Black "varacalli"]
[Result "0-1"]
[WhiteElo "2285"]
[BlackElo "2441"]
[TimeControl "180+2"]
[EndTime "13:34:15 PST"]
[Termination "varacalli won by resignation"]

1. e4 e5 2. Nf3 Nc6 3. Bc4 Bc5 4. d3 Nf6 5. O-O d6 6. c3 Bb6 7. Bb3 h6 8. Nbd2 O-O 9. h3 Ne7 10. Re1 Ng6 11. Nf1 c6 12. Ng3 Re8 13. Be3 Bc7 14. d4 exd4 15. Bxd4 Ne5 16. Nh4 c5 17. Be3 Nxe4 18.
Nxe4 Qxh4 19. Nxd6 Bxd6 20. Qxd6 c4 21. Ba4 Re6 22.
Qd4 Qh5 23. Qd8+ Kh7 24. Bc2+ Nd3 25. b3 Rg6 26. Bxd3 cxd3 27. Kh2 Rxg2+ 0-1

[Event "*** Titled Tuesday Blitz"]
[Site "Chess.com"]
[Date "2019.02.05"]
[Round "3"]
[White "ChessWarrior7197"]
[Black "Sashadav97"]
[Result "1-0"]
[WhiteElo "2883"]
[BlackElo "2630"]
[TimeControl "180+2"]
[EndTime "13:34:21 PST"]
[Termination "ChessWarrior7197 won by resignation"]

1. e4 c5 2. Nf3 Nc6 3. Bb5 g6 4.
Bxc6 dxc6 5. d3 Bg7 6. Nc3 e5 7.
h3 b6 8. Be3 Qe7 9. O-O Nf6 10.
Qd2 h6 11. Nh2 Nd7 12. f4 exf4 13. Bxf4 Ne5 14. Nf3 Nxf3+ 15. Rxf3 g5 16. Bh2 Be6 17. Raf1 Bd4+ 18. Kh1 h5 19. Ne2 g4 20. Nxd4 cxd4 21. Rf6 gxh3 22. gxh3 O-O-O 23. Qf4 Kb7 24. Qe5 Qd7 25. a3 Rh7 26. Qf4 Bxh3 27. Rf2 Be6 28. Qg5 h4 29. b4 h3 30. a4 a6 31. a5 Rhh8 32. axb6 Rhg8 33. Qe5 Kxb6 34. Qh5 Kb7 35. Rxf7 Bxf7 36. Rxf7 Rg2 37. Rxd7+ Rxd7 38. Qxh3 Rdg7 39. Qxg2 Rxg2 40. Kxg2 c5 41. bxc5 a5 42. Be5 1-0

[Event "*** Titled Tuesday Blitz"]
[Site "Chess.com"]
[Date "2019.02.05"]
[Round "3"]
[White "Zufi1811"]
[Black "IakovUlivar"]
[Result "0-1"]
[WhiteElo "2352"]
[BlackElo "2510"]
[TimeControl "180+2"]
[EndTime "13:34:25 PST"]
[Termination "IakovUlivar won by checkmate"]

1. Nf3 Nf6 2. d4 e6 3. e3 d5 4.
Bd3 c5 5. b3 Nc6 6. O-O b6 7. Bb2 Bb7 8. Nbd2 Rc8 9. a3 cxd4 10.
exd4 g6 11. Ne5 Bg7 12. f4 O-O 13. Qe2 Ne7 14. Rac1 Nf5 15. g4 Nd6 16. f5 exf5 17.
gxf5 Nfe4 18. fxg6 Qg5+ 19. Kh1 Qxd2 20. gxh7+ Kh8 21.
Qg4 Bxe5 22. dxe5 d4 23. Rcd1 Ng3+ 24. Kg1 Qg2# 0-1